 Dungeon Crawl Stone Soup version 0.23.2-30-g0e89c35649 (webtiles) character file.

Game seed: 9599002293513739587

74 Matador8 the Unweaver (level 4, -2/35 HPs)
             Began as a Demonspawn Abyssal Knight on June 25, 2019.
             Was a Follower of Lugonu.
             Slain by a gnoll
             ... wielding a +0 spear
              (5 damage)
             ... on level 1 of the Dungeon.
             The game lasted 00:06:41 (2253 turns).

Matador8 the Unweaver (Demonspawn Abyssal Knight)   Turns: 2253, Time: 00:06:42

Health: -2/35      AC: 10    Str: 13    XL:     4   Next: 10%
Magic:  7/7        EV: 11    Int: 14    God:    Lugonu [*.....]
Gold:   64         SH:  0    Dex: 12    Spells: 3/3 levels left

rFire    . . .     SeeInvis .   a - +1 falchion
rCold    . . .     Gourm    .   (no shield)
rNeg     . . .     Faith    .   b - +0 leather armour
rPois    .         Spirit   .   k - +0 helmet
rElec    .         Reflect  .   (no cloak)
rCorr    .         Harm     .   (no gloves)
MR       .....                  (no boots)
Stlth    +.........             (no amulet)
HPRegen  0.11/turn              (no ring)
MPRegen  0.10/turn              (no ring)

@: sanguine armour
A: sanguine armour 1
a: Depart the Abyss, Renounce Religion


You were on level 1 of the Dungeon.
You worshipped Lugonu.
Lugonu was aware of your devotion.
You were not hungry.

You visited 1 branch of the dungeon, and saw 2 of its levels.
You visited the Abyss 1 time.

You collected 64 gold pieces.

Inventory:

Hand Weapons
 a - a +1 falchion (weapon)
Armour
 b - a +0 leather armour (worn)
 i - a +1 leather armour of poison resistance
 k - a +0 helmet (worn)
Scrolls
 e - a scroll of enchant weapon {unknown}
 j - a scroll of remove curse {unknown}
 m - a scroll of blinking {unknown}
Potions
 d - a potion of haste {unknown}
 g - 3 potions of heal wounds {unknown}
 h - 3 potions of curing {unknown}
 l - 2 potions of invisibility {unknown}
Comestibles
 c - 6 rations
 f - 2 chunks of flesh


   Skills:
 - Level 3.0 Fighting
 + Level 3.1 Long Blades
 - Level 1.7 Armour
 - Level 0.8 Dodging
 + Level 4.3 Invocations


You had 3 spell levels left.
You didn't know any spells.
Your spell library was empty.

Dungeon Overview and Level Annotations

Branches:
Dungeon (2/15)

Altars:


Innate Abilities, Weirdness & Mutations

When seriously injured, your bleeding wounds create armour. (AC +6)


Message History

You don't know any spells.
You can't go down here!
You see here an adder skeleton.
There is a stone staircase leading down here.
There is a stone staircase leading down here.
You climb downwards.
The jackal barks!
The gnoll shouts! x2
The jackal bites you but does no damage.
The gnoll hits you with a +0 halberd. The jackal bites you.
The gnoll barely misses you. The gnoll hits you with a +0 halberd!
Your blood congeals into armour.
There is a stone staircase leading up, spattered with blood here.
The jackal barely misses you.
You riposte.
You barely miss the jackal. The gnoll hits you with a +0 spear.
The gnoll hits you with a +0 halberd!
* * * LOW HITPOINT WARNING * * *
You climb upwards.
There is a stone staircase leading down here.
The jackal bites you but does no damage.
The gnoll hits you from afar with a +0 spear.
You die...

#.# #.....##.## #.#
###.#.##..#
#.#######........
#.........#.##...
#.#####.........# #.#
####...##..#
##g####...........
####>h...............
#...@g..........##...
####.#####.##...##...
#.# #.##...##.#. #.#
#.##...##.#. #.#
#...........
#.#####.###...#.#.
#.##).............
#.#####.###...#.##
#.# ###.###.....##


You could see 2 gnolls and a jackal.

Vanquished Creatures
  2 adders (D:1)
  A worm (D:2)
  4 dart slugs
  3 leopard geckos
  4 goblins (D:1)
  6 hobgoblins
  6 jackals
  A quokka (D:2)
  4 bats
  2 frilled lizards (D:1)
  3 kobolds (D:1)
  6 rats
42 creatures vanquished.

Notes
Turn   | Place    | Note
-------+----------+-------------------------------------------
     0 | Abyss:1  | Matador8 the Demonspawn Abyssal Knight began the quest for
                  | the Orb.
     0 | Abyss:1  | Reached XP level 1. HP: 18/18 MP: 2/2
    49 | Abyss:1  | Noticed an ancient zyme
    51 | Abyss:1  | Noticed a wretched star
    52 | D:1      | Escaped the Abyss
   353 | D:1      | Reached * piety under Lugonu
   353 | D:1      | Reached skill level 3 in Invocations
   353 | D:1      | Gained mutation: When seriously injured, your bleeding
                  | wounds create armour. (AC +6) [demonic ancestry]
   353 | D:1      | Reached XP level 2. HP: 24/24 MP: 2/4
   987 | D:1      | Reached XP level 3. HP: 29/29 MP: 5/5
  1723 | D:2      | Reached skill level 4 in Invocations
  2063 | D:1      | Reached XP level 4. HP: 23/35 MP: 7/7
  2253 | D:1      | Slain by a gnoll

Skill      XL: |  1  2  3 |
---------------+----------+-----
Long Blades    | 2 3 |  3.1
Invocations    | 3 4 |  4.3
Fighting       | |  3.0
Armour         | |  1.7
Dodging        | |  0.8

Action                   |  1- 3 |  4- 6 || total
-------------------------+-------+-------++-------
Melee: Falchion          |   137 |       ||   137
Invok: Depart the Abyss  |     1 |       ||     1
 Stab: Sleeping          |     1 |       ||     1
  Eat: Chunk             |     4 |       ||     4
Armor: Leather armour    |    47 |     2 ||    49
Dodge: Dodged            |    73 |     2 ||    75
       Rpst.: Falchion   |    30 |     1 ||    31
